 Dungeon Crawl Stone Soup version 0.23.0 (webtiles) character file.

Game seed: 4673344636070994959

16293 Monsterracer the Cleaver (level 12, -7/78 HPs)
             Began as a Gargoyle Berserker on Feb 11, 2019.
             Was a High Priest of Trog.
             Killed by divine providence
             ... invoked by a meliai
              (14 damage)
             ... in a Gauntlet.
             The game lasted 00:10:35 (13084 turns).

Monsterracer the Cleaver (Gargoyle Berserker)      Turns: 13084, Time: 00:10:36

Health: -7/78      AC: 19    Str: 25    XL:     12   Next: 36%
Magic:  12/12      EV:  9    Int:  9    God:    Trog [*****.]
Gold:   411        SH: 11    Dex:  9    Spells: 11/11 levels left

rFire    . . .     SeeInvis .   a - +0 war axe
rCold    + . .     Gourm    .   G - +0 shield
rNeg     + . .     Faith    .   J - +1 chain mail {rC+}
rPois    ∞         Spirit   .   u - +0 helmet (curse)
rElec    +         Reflect  .   (no cloak)
rCorr    .         Harm     .   r - +0 pair of gloves (curse)
MR       ++...     NoTele   +   (no boots)
Stlth    ..........             I - amulet of the acrobat
HPRegen  1.23/turn              p - -5 ring of protection (curse)
MPRegen  0.13/turn              (no ring)

@: berserk cooldown, regenerating, slowed, very slow
A: negative energy resistance 1, electricity resistance, unbreathing,
petrification resistance, rot immunity, AC +8
a: Berserk, Trog's Hand, Brothers in Arms, Renounce Religion


You were in a Gauntlet.
You worshipped Trog.
Trog was extremely pleased with you.
You were not hungry.

You visited 2 branches of the dungeon, and saw 13 of its levels.
You also visited: Gauntlet.

You collected 771 gold pieces.
You spent 360 gold pieces at shops.

Inventory:

Hand Weapons
 a - a +0 war axe (weapon)
 b - a +0 flail
Armour
 r - a cursed +0 pair of gloves (worn)
 u - a cursed +0 helmet (worn)
 G - a +0 shield (worn)
 J - a +1 chain mail of cold resistance (worn)
 O - a +1 pair of gloves of strength
Jewellery
 p - a cursed -5 ring of protection (left hand)
 I - an amulet of the acrobat (around neck)
Wands
 j - a wand of digging (5)
 v - a wand of clouds (6)
 C - a wand of acid (7)
 E - a wand of flame (19)
Scrolls
 e - 4 scrolls of amnesia {unknown}
 g - 5 scrolls of enchant weapon {unknown}
 h - a scroll of magic mapping {unknown}
 k - 3 scrolls of enchant armour {unknown}
 q - 4 scrolls of teleportation {unknown}
 s - 6 scrolls of identify {unknown}
 w - 6 scrolls of remove curse {unknown}
 y - 2 scrolls of fear {unknown}
 A - 2 scrolls of noise {unknown}
 B - 2 scrolls of immolation {unknown}
 F - a scroll of vulnerability {unknown}
 H - a scroll of random uselessness {unknown}
 K - a scroll of fog {unknown}
 N - a scroll of blinking {unknown}
Potions
 d - 3 potions of lignification {unknown}
 f - 2 potions of resistance {unknown}
 i - a potion of agility {unknown}
 l - 3 potions of magic {unknown}
 m - a potion of heal wounds {unknown}
 n - a potion of curing {unknown}
 o - a potion of might {unknown}
 t - a potion of cancellation {unknown}
 x - 2 potions of brilliance {unknown}
 z - 2 potions of invisibility {unknown}
 D - 2 potions of flight {unknown}
 L - a potion of haste {unknown}
Comestibles
 c - 17 rations


   Skills:
 + Level 10.3 Fighting
 * Level 11.7 Axes
 + Level 10.0 Armour
 - Level 4.4 Dodging
 + Level 7.9 Shields


You had 11 spell levels left.
You didn't know any spells.
Your spell library was empty.

Dungeon Overview and Level Annotations

Branches:
Dungeon (10/15)            Temple (0/1) D:5            Lair (3/6) D:9
  Swamp: Lair:2-4    Shoals: Lair:2-4     Snake: Lair:2-4    Spider: Lair:2-4
    Orc: D:9-12

Altars:
Elyvilon
Fedhas
Kikubaaqudgha
Okawaru
Ru
Xom
Zin
The Shining One

Shops:
D:6 ?*   D:9 =

Annotations:
Lair:1 exclusion: 3 oklob plants Gauntlet 8 transporters, 3 runed translucent doors


Innate Abilities, Weirdness & Mutations

You are resistant to torment.
Your stone body is resilient. (AC +8)
You are immune to poison.
You resist negative energy. (rN+)
You are resistant to electric shocks. (rElec)
You can survive without breathing.
You are immune to petrification.
You are immune to rotting.


Message History

HP restored.
Health restored: 78
c - 17 rations (gained 1)
You now have 411 gold pieces (gained 39).
There is a transporter here.
You enter the transporter and appear at another place.
You start waiting.
You feel yourself speed up.
You start waiting.
You recover from your berserk rage.
There is a transporter here.
You enter the transporter and appear at another place.
The meliai drops a net on you. A large net falls onto you!
You become entangled in the net!
The meliai invokes the aid of its god against you.
Something smites you!
You take 17 damage, and have 61/78 hp.
MASSIVE DAMAGE!!
A red film seems to cover your vision as you go berserk!
You feel yourself moving faster!
You feel mighty!
You feel quite a bit more hungry. The meliai hits you with a +0 hand axe.
The meliai stings you. The meliai hits you but does no damage.
The meliai barely misses you. The meliai hits you with a +0 war axe.
The meliai completely misses you. The meliai hits you but does no damage.
The meliai barely misses you.
You now have 82/117 hp.
You tear a large gash into the net.
You feel a strong urge to attack something.
The meliai barely misses you. The meliai stings you.
The meliai hits you with a +0 war axe! The meliai barely misses you.
The meliai hits you but does no damage. The meliai stings you.
The meliai hits you but does no damage. The meliai stings you.
You take 18 damage, and have 64/117 hp.
You struggle against the net.
The meliai hits you with a +0 hand axe.
The meliai stings you but does no damage.
The meliai hits you but does no damage.
The meliai stings you but does no damage.
The meliai hits you but does no damage.
The meliai stings you but does no damage.
The meliai hits you but does no damage.
The meliai stings you but does no damage.
You take 2 damage, and have 62/117 hp.
You struggle against the net.
You feel your anger nearly subside.
You are no longer berserk.
You are exhausted.
You feel yourself slow down. The meliai hits you but does no damage.
The meliai stings you but does no damage.
The meliai hits you but does no damage. The meliai stings you.
* * * LOW HITPOINT WARNING * * *
The meliai barely misses you. The meliai stings you.
* * * LOW HITPOINT WARNING * * *
You now have 33/78 hp.
You shred the net and break free! The meliai hits you but does no damage.
You block the meliai's attack. The meliai hits you but does no damage.
You block the meliai's attack. The meliai hits you with a +0 hand axe.
* * * LOW HITPOINT WARNING * * *
The meliai barely misses you. You block the meliai's attack.
The meliai barely misses you. The meliai hits you with a +0 hand axe.
* * * LOW HITPOINT WARNING * * *
The meliai stings you but does no damage.
The meliai hits you but does no damage.
The meliai stings you but does no damage.
The meliai hits you but does no damage.
The meliai stings you but does no damage.
The meliai mumbles some strange prayers to its god against you.
Something smites you!
* * * LOW HITPOINT WARNING * * *
You take 17 damage, and have 16/78 hp.
MASSIVE DAMAGE!!
Unknown command.
Unknown command.
Your ogre goes berserk!
You feel somewhat more hungry. The meliai hits you but does no damage.
The meliai stings you but does no damage.
You block the meliai's attack.
The meliai stings you but does no damage.
The meliai hits you with a +0 hand axe.
* * * LOW HITPOINT WARNING * * *
The meliai barely misses you. x2; You block the meliai's attack.
The meliai hits you but does no damage.
The meliai stings you but does no damage.
The meliai hits you but does no damage. You block the meliai's attack.
The meliai hits you but does no damage. The meliai stings you.
* * * LOW HITPOINT WARNING * * *
You take 9 damage, and have 7/78 hp.
Unknown command.
Your skin crawls.
You feel resistant to hostile enchantments.
You feel quite a bit more hungry. The meliai closely misses you.
You block the meliai's attack. x2; The meliai stings you.
* * * LOW HITPOINT WARNING * * *
The meliai hits you but does no damage. The meliai stings you.
* * * LOW HITPOINT WARNING * * *
The meliai hits you but does no damage.
The meliai stings you but does no damage.
You block the meliai's attack. The meliai barely misses you. x2
The meliai stings you but does no damage.
The meliai closely misses you. You block the meliai's attack.
The meliai invokes the aid of its god against you.
Something smites you!
You die...

## ### ### ### ###
##≈###≈###≈###≈###≈##
#≈≈≈#≈≈≈#≈≈≈#≈≈≈#≈≈≈####
#≈..................≈≈#
##...#########.P..P..≈#
##≈.♣.#..8#8..#.♣.PPP..####
#≈≈...#[..8...#...PPP...≈≈#
##≈...#[.8y8.8###.♣.♣.♣..≈#
##.P.#©8^@y8##©#.........#
##≈.♣.#[.8y8.8#.#########..
#≈≈.P.#..O8...#.#.##©...#..
##≈...#..8#8..#.#..##..##..
##...#########.#...#.#####
##≈.♣.........#©#©##.##.#©# # #
#≈≈.P.#########.###.#...#.#
#...##≈...#....XXx#.##..##..#.#
#.♣. ##.P.#X......#.#....##.#.#


You could see 2 thrashing horrors, a small abomination, 3 meliai and a friendly
ogre (berserk).

Vanquished Creatures
  Erolcha (D:10)
  2 two-headed ogres (D:8)
  Pikel (D:5)
  A manticore (D:7)
  A black mamba (Lair:1)
  4 spiny frogs (Lair:1)
  An ice devil (Gauntlet)
  A rime drake (Lair:1)
  A troll (D:10)
  A hornet (D:9)
  4 blink frogs (Lair:3)
  A hippogriff (D:9)
  3 flying skulls (Gauntlet)
  7 dream sheep (Lair:2)
  A spriggan (D:7)
  A wraith (D:10)
  11 yaks
  2 basilisks
  2 hungry ghosts
  6 water moccasins
  4 orc warriors
  4 porcupines
  An ice beast (D:5)
  4 sky beasts
  9 wolves
  A black bear (D:8)
  5 ogres
  3 centaurs
  3 crocodiles
  A big kobold (D:7)
  9 bullfrogs
  A gnoll sergeant (D:7)
  A wyvern skeleton (D:9)
  2 scorpions
  3 killer bees (D:10)
  2 wights (D:7)
  A howler monkey (D:4)
  An electric eel (D:8)
  2 crimson imps (D:8)
  5 hounds
  4 orc priests
  A centaur skeleton (D:5)
  2 jellies
  5 orc wizards
  A bullfrog zombie (D:10)
  An iguana (D:6)
  A gnoll shaman (D:4)
  6 worker ants
  A killer bee zombie (D:9)
  2 hound zombies
  A hound skeleton (D:5)
  A worker ant zombie (D:8)
  A howler monkey skeleton (D:5)
  3 adders
  18 gnolls
  2 shadow imps
  4 white imps (Gauntlet)
  An ooze (D:1)
  3 adder skeletons
  3 worms
  A dart slug (D:5)
  4 leopard geckos
  36 orcs
  2 ball pythons
  6 giant cockroaches
  3 goblins
  7 hobgoblins
  7 jackals
  10 kobolds
  4 quokkas
  7 bats
  8 frilled lizards
  A jackal skeleton (D:8)
  A quokka skeleton (D:3)
  2 quokka zombies
  6 rats
  2 fungi (Lair:2)
282 creatures vanquished.

Vanquished Creatures (collateral kills)
  An orc warrior (D:7)
  4 wights (D:7)
  2 orc wizards (D:7)
7 creatures vanquished.

Vanquished Creatures (others)
  A slave (D:5)
  An iguana (D:5)
  Ijyb (D:5)
  A gnoll (D:5)
  A shadow imp (D:5)
  A giant cockroach (D:5)
  A goblin (D:5)
  A hobgoblin (D:5)
  3 jackals (D:5)
  A plant (Lair:1)
12 creatures vanquished.

Grand Total: 301 creatures vanquished

Notes
Turn   | Place    | Note
-------+----------+-------------------------------------------
     0 | D:1      | Monsterracer the Gargoyle Berserker began the quest for the
                  | Orb.
     0 | D:1      | Reached XP level 1. HP: 14/14 MP: 1/1
   357 | D:1      | Reached XP level 2. HP: 16/19 MP: 2/2
   608 | D:1      | Reached skill level 3 in Axes
   823 | D:2      | Reached XP level 3. HP: 17/23 MP: 3/3
  1291 | D:2      | Found a glowing golden altar of the Shining One.
  1526 | D:2      | Reached ** piety under Trog
  1952 | D:2      | Found a shimmering altar of Xom.
  2223 | D:3      | Reached XP level 4. HP: 26/29 MP: 4/4
  2259 | D:3      | HP: 11/29 [gnoll/+0 spear (7)]
  2474 | D:3      | HP: 12/29 [gnoll/+0 spear (3)]
  2738 | D:3      | Noticed a hungry ghost
  2765 | D:3      | Killed a hungry ghost
  2765 | D:3      | Reached skill level 4 in Axes
  2765 | D:3      | Reached XP level 5. HP: 24/33 MP: 5/5
  2765 | D:3      | Reached XP level 6. HP: 28/38 MP: 6/6
  3730 | D:4      | Found a white marble altar of Elyvilon.
  3732 | D:4      | Reached *** piety under Trog
  3897 | D:4      | Reached XP level 7. HP: 44/44 MP: 7/7
  4068 | D:4      | Reached skill level 5 in Axes
  4135 | D:4      | Found a blossoming altar of Fedhas.
  4367 | D:5      | Entered Level 5 of the Dungeon
  4393 | D:5      | Reached skill level 5 in Fighting
  4455 | D:5      | Noticed Pikel
  4470 | D:5      | Killed Pikel
  4470 | D:5      | Reached skill level 6 in Axes
  4470 | D:5      | Reached skill level 5 in Armour
  4470 | D:5      | Reached XP level 8. HP: 51/51 MP: 8/8
  4610 | D:5      | Killed Ijyb
  4781 | D:5      | Found a staircase to the Ecumenical Temple.
  5216 | D:5      | Found an iron altar of Okawaru.
  5224 | D:5      | Received a gift from Trog
  5360 | D:6      | Found an ancient bone altar of Kikubaaqudgha.
  5394 | D:6      | Found Dunef's Desiderata Depot.
  5434 | D:6      | HP: 25/51 [orc wizard/magic dart (9)]
  5440 | D:6      | HP: 30/76 [orc priest/divine providence (8)]
  5444 | D:6      | Reached skill level 7 in Axes
  5444 | D:6      | Reached XP level 9. HP: 24/56 MP: 9/9
  5456 | D:6      | HP: 18/56 [orc wizard/+0 dagger (1)]
  5662 | D:6      | Found Puicouwn's Magic Scroll Shoppe.
  5764 | D:6      | Found a glowing silver altar of Zin.
  5774 | D:6      | Reached **** piety under Trog
  6288 | D:7      | Noticed a manticore
  6299 | D:7      | Killed a manticore
  6299 | D:7      | Reached skill level 1 in Shields
  6592 | D:7      | Reached skill level 8 in Axes
  7043 | D:8      | Noticed a two-headed ogre
  7055 | D:8      | HP: 30/85 [two-headed ogre/+0 giant club (17)]
  7057 | D:8      | Killed a two-headed ogre
  7057 | D:8      | Reached XP level 10. HP: 34/64 MP: 10/10
  7384 | D:8      | Reached skill level 9 in Axes
  7513 | D:8      | HP: 30/64 [orc warrior/+0 glaive (23)]
  8081 | D:8      | Noticed a two-headed ogre
  8094 | D:8      | Killed a two-headed ogre
  8094 | D:8      | Reached ***** piety under Trog
  8590 | D:9      | Reached skill level 5 in Shields
  8600 | D:9      | Found a staircase to the Lair.
  8647 | D:9      | Got a translucent scimitar
  8834 | D:9      | Found a sacrificial altar of Ru.
  8936 | D:9      | Found Hutuesyo's Jewellery Boutique.
  8939 | D:9      | Bought an uncursed amulet of the acrobat for 360 gold
                  | pieces
  9202 | D:10     | Entered Level 10 of the Dungeon
  9232 | D:10     | Reached XP level 11. HP: 69/69 MP: 11/11
  9244 | D:10     | Noticed Erolcha
  9254 | D:10     | Killed Erolcha
  9254 | D:10     | Reached skill level 10 in Axes
  9786 | D:10     | HP: 34/71 [troll (5)]
 10207 | Lair:1   | Entered Level 1 of the Lair of Beasts
 10237 | Lair:1   | Got a shimmering whip
 10940 | Lair:1   | HP: 52/106 [spiny frog (5)]
 11404 | Lair:1   | Noticed an oklob plant
 11404 | Lair:1   | Noticed an oklob plant
 11404 | Lair:1   | Noticed an oklob plant
 11544 | Lair:1   | Reached skill level 11 in Axes
 12045 | Lair:2   | Reached XP level 12. HP: 77/77 MP: 12/12
 12052 | Lair:2   | Reached skill level 10 in Fighting
 12804 | Lair:3   | Found a gate leading to a gauntlet.
 12838 | Lair:3   | Reached skill level 10 in Armour
 12845 | Gauntlet | Entered a Gauntlet
 12845 | Gauntlet | Found a transporter.
 12850 | Gauntlet | Found a transporter.
 12850 | Gauntlet | Found a transporter.
 12859 | Gauntlet | Found a transporter.
 12861 | Gauntlet | Found a transporter.
 12872 | Gauntlet | Found a transporter.
 12888 | Gauntlet | Found a transporter.
 12891 | Gauntlet | Noticed a thrashing horror
 12893 | Gauntlet | Noticed a thrashing horror
 12900 | Gauntlet | Found a transporter.
 12903 | Gauntlet | Noticed a thrashing horror
 12905 | Gauntlet | Noticed a thrashing horror
 12908 | Gauntlet | Found a runed translucent gate.
 12908 | Gauntlet | Found a runed translucent gate.
 12909 | Gauntlet | Found a runed translucent gate.
 12910 | Gauntlet | Found a transporter.
 12924 | Gauntlet | Found a transporter.
 12939 | Gauntlet | Found a transporter.
 12939 | Gauntlet | Found a transporter.
 13023 | Gauntlet | Found a transporter.
 13081 | Gauntlet | HP: 38/78 [meliai/+0 hand axe (3)]
 13082 | Gauntlet | HP: 16/78 [meliai/divine providence (14)]
 13083 | Gauntlet | HP: 7/78 [meliai/+0 hand axe (5)]
 13084 | Gauntlet | Killed from afar by a meliai

Skill      XL: |  1  2  3  4  5  6  7  8  9 10 11 12 |
---------------+-------------------------------------+-----
Axes           | 3 4 6 7 8 9 11 | 11.7
Dodging        | 2 3 4 |  4.4
Armour         | 3 4 5 7 8 9 10 | 10.0
Fighting       | 4 5 6 7 8 9 10 | 10.3
Shields        | 3 5 7 |  7.9

Action                   |  1- 3 |  4- 6 |  7- 9 | 10-12 || total
-------------------------+-------+-------+-------+-------++-------
Melee: Hand axe          |   130 |   183 |    59 |       ||   372
       War axe           |       |       |   227 |   579 ||   806
Invok: Berserk           |       |     5 |    10 |    24 ||    39
       Brothers in Arms  |       |       |     1 |     1 ||     2
       Trog's Hand       |       |       |       |     1 ||     1
  Eat: Chunk             |     4 |     6 |    16 |    30 ||    56
       Ration            |       |     2 |     1 |     5 ||     8
Armor: Animal skin       |    16 |       |       |       ||    16
       Ring mail         |    36 |    80 |    68 |       ||   184
       Plate armour      |       |       |    85 |   208 ||   293
       Chain mail        |       |       |       |   107 ||   107
Dodge: Dodged            |    74 |   108 |   116 |   188 ||   486
Block: Shield            |       |       |    57 |   294 ||   351

Levels and vault maps discovered:
D:1:      dpeg_arrival_water_altar, layout_loops_ring
D:2:      layout_basic, tso_altar, chequers_serial_rivers_room_b,
          roderic_st_hans_cross, minivault_25, tgw_xom
D:3:      layout_loops_corners
D:4:      layout_loops_ring, old_standard_altar, fedhas_altar_3
D:5:      layout_loops_ring, okawaru_altar_gauntlet_db,
          minmay_temple_entry_tees, first_ration, minmay_between, uniq_pikel,
          uniq_ijyb
D:6:      layout_cave_pools, zin_academy, kiku_gazebo_pond_becter, serial_shops,
          nicolae_shop_temple_entry_statues_fountains, grunt_ministairs_5,
          st_stairs_8, nicolae_alphabet_shops
D:7:      layout_rooms, kennysheep_diamond, the_bakery
D:8:      layout_basic, serial_bayou, serial_bayou_crossing,
          serial_bayou_pond_a, serial_bayou_shore_a, serial_bayou_pond_d
D:9:      layout_basic, old_standard_altar, david_lair_generic, serial_shops,
          nicolae_shop_behind_doors
D:10:     layout_roguey, uniq_erolcha
Lair:1:   layout_cave_pods, grunt_megastairs_3, minmay_lair_oklob_chamber
Lair:2:   layout_misc_corridors
Lair:3:   layout_small_grid, minmay_snake_entry_guardpost_small,
          gauntlet_entry_generic, minmay_holes, chequers_serial_rivers_micro_d,
          infiniplex_staircase_pool, grunt_megastairs_1
Gauntlet: minmay_gauntlet_77_tree [minmay_gauntlet_arena_77_chump_sandwich,
          minmay_gauntlet_arena_77_p_blocks, minmay_gauntlet_arena_77_fan,
          minmay_gauntlet_arena_77_mess, minmay_gauntlet_arena_77_braids,
          minmay_gauntlet_arena_77_run_for_it,
          minmay_gauntlet_arena_77_terracotta_army, gauntlet_exit_spiral]
